 Dungeon Crawl Stone Soup version 0.30.0 (webtiles) character file.

Game seed: 5545407475798385222

14 dialectric the Sneak (level 2, -3/19 HPs)
             Began as a Gargoyle Delver on May 6, 2023.
             Killed from afar by an orc wizard (10 damage)
             ... with a puff of flame
             ... on level 4 of the Dungeon.
             The game lasted 00:00:24 (139 turns).

dialectric the Sneak (Gargoyle Delver)               Turns: 139, Time: 00:00:24

Health: -3/19      AC:  7    Str: 15    XL:     2   Next: 45%
Magic:  2/2        EV: 11    Int: 10    God:
Gold:   25         SH:  0    Dex: 11    Spells: 1/1 levels left

rFire   . . .        a - +0 mace
rCold   . . .        (no shield)
rNeg    + . .        b - +0 leather armour
rPois   ∞            (no helmet)
rElec   +            (no cloak)
rCorr   .            h - +0 pair of gloves
SInv    .            (no boots)
Will    .....        (no amulet)
Stlth   +++          (no ring)
HPRegen 0.23/turn    (no ring)
MPRegen 0.08/turn

%: no passive effects
@: no status effects
A: sickness immunity, AC +2, negative energy resistance 1, electricity
resistance, torment resistance 1, petrification resistance
a: no special abilities


You were on level 4 of the Dungeon.
You visited 1 branch of the dungeon, and saw 2 of its levels.

You collected 25 gold pieces.

Inventory:

Hand Weapons
 a - a +0 mace (weapon)
Armour
 b - a +0 leather armour (worn)
 h - a +0 pair of gloves (worn)
Wands
 g - a wand of digging (3)
Scrolls
 c - a scroll of fog
 d - a scroll of magic mapping
 e - a scroll of fear
 i - a scroll of enchant armour {unknown}
Potions
 f - a potion of haste
 j - a potion of lignification {unknown}
 k - a potion of degeneration {unknown}


   Skills:
 + Level 3.5 Fighting
 + Level 2.2 Maces & Flails
 * Level 1.3 Armour
 + Level 1.6 Dodging
 - Level 5.4 Stealth


You had one spell level left.
You didn't know any spells.
Your spell library contained the following spells:

 Spells                   Type           Power      Damage    Failure   Level
 Summon Small Mammal      Summ           0%         N/A       43%         1
 Call Canine Familiar     Summ           0%         N/A       80%         3
 Summon Guardian Golem    Hex/Summ       0%         N/A       80%         3


Dungeon Overview and Level Annotations

Branches:
Dungeon (5/15)
 Temple: D:4-7

Altars:


Innate Abilities, Weirdness & Mutations

You are immune to sickness and miasma.
Your stone body is resilient. (AC +2)
You are immune to poison.
You resist negative energy. (rN+)
You are resistant to electric shocks. (rElec)
You are resistant to unholy torment.
You are immune to petrification.


Message History

The orc wizard casts a spell at you. The puff of flame hits you.
You hit the orc wizard.
The orc wizard is lightly wounded.
The orc wizard closely misses you.
Unknown command.
You closely miss the orc wizard.
The orc wizard is lightly wounded.
The orc wizard barely misses you.
You sock the orc wizard!
The orc wizard is severely wounded.
The orc wizard hits you with a +0 dagger.
You closely miss the orc wizard.
The orc wizard is severely wounded.
The orc wizard barely misses you. The orc wizard closely misses you.
You barely miss the orc wizard.
The orc wizard is severely wounded.
The orc wizard closely misses you.
You closely miss the orc wizard.
The orc wizard is severely wounded.
The orc wizard misses you.
You closely miss the orc wizard.
The orc wizard is severely wounded.
The orc wizard mumbles some strange words.
The orc wizard flickers and vanishes!
Deactivating autopickup; reactivate with Ctrl-A.
Something hits you but does no damage.
You barely miss something.
You hear some strange, mumbled words.
A puff of flame appears from out of thin air!
The puff of flame misses you.
You miss something. Something hits you.
You miss something. Something completely misses you.
You miss something. Your punch misses something. Something hits you. x2
You miss something.
You hear some strange, mumbled words.
A puff of flame appears from out of thin air!
The puff of flame hits you!
Ouch! That really hurt!
You die...

... ..# ..# .. #.# .#
#.# .. #.# # #. #.#
##.#>. #.# .o....###@#
######### ...o....#{#
#........ #...###
#........ ###...#
#........
###.######........
#.##............
#.#####.##............
#.....................
#########.............


There were no monsters in sight!

Vanquished Creatures
  An adder (D:4)
  An orc (D:4)
  An endoplasm (D:4)
  A goblin (D:4)
  A kobold (D:4)
5 creatures vanquished.

Vanquished Creatures (others)
  2 plants (D:5)
2 creatures vanquished.

Grand Total: 7 creatures vanquished

Notes
Turn   | Place    | Note
-------+----------+-------------------------------------------
     0 | D:5      | dialectric the Gargoyle Delver began the quest for the Orb.
     0 | D:5      | Reached XP level 1. HP: 14/14 MP: 1/1
    71 | D:4      | Reached skill level 1 in Armour
    71 | D:4      | Reached XP level 2. HP: 16/19 MP: 2/2
   139 | D:4      | Killed from afar by an orc wizard

Illustrated notes

Levels and vault maps discovered:
D:4:      layout_basic, uniq_eustachio
D:5:      layout_basic, minmay_temple_entry_enclosed_plants,
          serial_bayou_lagoon_b

Skill      XL: |  1 |
---------------+----+-----
Armour         | 1 |  1.3
Fighting       | |  3.5
Maces & Flails | |  2.2
Dodging        | |  1.6
Stealth        | |  5.4

Action                     || total
---------------------------++-------
  Melee: Mace              ||    29
 Armour: Leather armour    ||     8
  Dodge: Dodged            ||    22
